 Dungeon Crawl Stone Soup version 0.29-a0-474-gdfe5cd140f (webtiles) character file.

Game seed: 16740330319751174169

57 happo123 the Bolt Thrower (level 3, -6/31 HPs)
             Began as a Minotaur Hunter on May 23, 2022.
             Was an Initiate of Fedhas.
             Killed from afar by Blork the orc (8 damage)
             ... with a puff of flame
             ... on level 4 of the Dungeon.
             The game lasted 00:12:21 (2345 turns).

happo123 the Bolt Thrower (Minotaur Hunter)         Turns: 2345, Time: 00:12:21

Health: -6/31      AC:  6    Str: 15    XL:     3   Next: 73%
Magic:  2/2        EV: 11    Int:  6    God:    Fedhas [......]
Gold:   177        SH:  0    Dex: 15    Spells: 2/2 levels left

rFire   . . .      SeeInvis +   m - +0 arbalest
rCold   . . .      Faith    .   (shield currently unavailable)
rNeg    . . .      Spirit   .   s - +0 ring mail
rPois   .          Reflect  .   (helmet restricted)
rElec   .          Harm     .   (no cloak)
rCorr   .          Rampage  .   l - +0 pair of gloves
Will    .....                   (no boots)
Stlth   +.........              f - amulet of the acrobat
HPRegen 0.10/turn               w - ring of see invisible
MPRegen 0.08/turn               (no ring)

@: no status effects
A: horns 2, retaliatory headbutt
a: Renounce Religion


You were on level 4 of the Dungeon.
You worshipped Fedhas.
Fedhas was noncommittal.
You visited 1 branch of the dungeon, and saw 4 of its levels.

You collected 177 gold pieces.

Inventory:

Hand Weapons
 a - a +1 hand crossbow
 m - a +0 arbalest (weapon)
 n - a +0 dagger of venom
 r - a +2 hand axe of freezing
Armour
 b - a +0 leather armour
 h - a +0 chain mail
 l - a +0 pair of gloves (worn)
 s - a +0 ring mail (worn)
Jewellery
 f - an amulet of the acrobat (around neck)
 w - a ring of see invisible (left hand)
Scrolls
 c - 2 scrolls of immolation
 e - a scroll of fog {unknown}
 g - 2 scrolls of enchant weapon {unknown}
 j - a scroll of identify {unknown}
 k - 2 scrolls of summoning {unknown}
 o - 2 scrolls of teleportation {unknown}
Potions
 d - 2 potions of heal wounds {unknown}
 i - a potion of degeneration {unknown}
 p - a potion of might {unknown}
 q - 2 potions of flight {unknown}
 t - 3 potions of curing {unknown}
 u - a potion of brilliance {unknown}
 v - a potion of attraction {unknown}
 x - a potion of berserk rage {unknown}


   Skills:
 + Level 3.1 Fighting
 + Level 4.7 Crossbows
 + Level 1.3 Armour
 + Level 2.8 Dodging
 + Level 1.5 Stealth


You had 2 spell levels left.
You didn't know any spells.
Your spell library contained the following spells:

 Spells                   Type           Power      Damage    Failure   Level
 Apportation              Tloc           0%         N/A       67%         1
 Necrotize                Necr           0%         1d4       67%         1
 Sandblast                Erth           0%         2d4       67%         1
 Summon Small Mammal      Summ           0%         N/A       67%         1
 Passwall                 Tmut/Erth      0%         N/A       82%         2
 Stone Arrow              Conj/Erth      0%         3d7       96%         3


Dungeon Overview and Level Annotations

Branches:
Dungeon (4/15)
 Temple: D:4-7

Altars:
Fedhas

Annotations:
D:4 Blork the orc


Innate Abilities, Weirdness & Mutations

You have a pair of horns on your head.
You reflexively headbutt those who attack you in melee.


Message History

Aim: Blork the orc, wielding a +0 scimitar and wearing a +0 robe (moderately wounded, fast, 63% to hit)
You shoot a bolt. The bolt closely misses Blork the orc.
Shoot: m) +0 arbalest
Press: ? - help, Shift-Dir - straight line, f/p - Blork the orc
Aim: Blork the orc, wielding a +0 scimitar and wearing a +0 robe (moderately wounded, fast, 63% to hit)
You shoot a bolt.
The bolt hits Blork the orc but does no damage.
Blork the orc is moderately wounded.
Shoot: m) +0 arbalest
Press: ? - help, Shift-Dir - straight line, f/p - Blork the orc
Aim: Blork the orc, wielding a +0 scimitar and wearing a +0 robe (moderately wounded, fast, 63% to hit)
You shoot a bolt. The bolt hits Blork the orc.
Blork the orc is heavily wounded.
Blork the orc casts a spell at you. The puff of flame misses you.
Blork the orc barely misses you.
Shoot: m) +0 arbalest
Press: ? - help, Shift-Dir - straight line, f/p - Blork the orc
Aim: Blork the orc, wielding a +0 scimitar and wearing a +0 robe (heavily wounded, fast, 63% to hit)
You shoot a bolt.
The bolt hits Blork the orc but does no damage.
Blork the orc is heavily wounded.
Blork the orc closely misses you.
Blork the orc hits you with a +0 scimitar!
Blork the orc hits you with a +0 scimitar.
Shoot: m) +0 arbalest
Press: ? - help, Shift-Dir - straight line, f/p - Blork the orc
Aim: Blork the orc, wielding a +0 scimitar and wearing a +0 robe (heavily wounded, fast, 63% to hit)
You shoot a bolt. The bolt hits Blork the orc!
Blork the orc is severely wounded.
Blork the orc barely misses you. Blork the orc closely misses you.
Shoot: m) +0 arbalest
Press: ? - help, Shift-Dir - straight line, f/p - Blork the orc
Aim: Blork the orc, wielding a +0 scimitar and wearing a +0 robe (severely wounded, fast, 63% to hit)
You shoot a bolt. The bolt closely misses Blork the orc.
Blork the orc hits you with a +0 scimitar!
* * * LOW HITPOINT WARNING * * *
Blork the orc points at you and mumbles some strange words.
The puff of flame hits you!
You die...
Fedhas appreciates your contribution to the ecosystem.

##......###
#.........#
#).^......+
#.........#
#<........#
#.........#
##.....####+####
#.....'........
#.....#@.......
#.....#o.......
#.....#........
#.....#....##(.
#.....#....# .
#.....+....#
#.....#.....
#......


You could see Blork the orc (fast).

Vanquished Creatures
  5 orcs (D:3)
  4 endoplasms
  6 giant cockroaches
  7 goblins
  3 hobgoblins
  2 jackals (D:3)
  4 kobolds
  A quokka (D:1)
  4 ball pythons
  3 bats
  3 frilled lizards (D:2)
  3 rats
45 creatures vanquished.

Notes
Turn   | Place    | Note
-------+----------+-------------------------------------------
     0 | D:1      | happo123 the Minotaur Hunter began the quest for the Orb.
     0 | D:1      | Reached XP level 1. HP: 18/18 MP: 0/0
   209 | D:1      | Reached skill level 1 in Stealth
   308 | D:1      | Reached XP level 2. HP: 25/25 MP: 1/1
   842 | D:2      | Found a blossoming altar of Fedhas.
   851 | D:2      | Became a worshipper of Fedhas Madash
  1077 | D:2      | Reached XP level 3. HP: 30/30 MP: 2/2
  1653 | D:3      | Reached skill level 1 in Armour
  2187 | D:3      | Found a faded altar of an unknown god.
  2338 | D:4      | Noticed Blork the orc
  2345 | D:4      | Killed from afar by Blork the orc

Illustrated notes

Levels and vault maps discovered:
D:1:      lemuel_arrival_tunnels, layout_basic
D:2:      layout_basic, basic_altar
D:3:      layout_loops_ring, basic_ecumenical_altar
D:4:      layout_gridville, temple_fountains, enter_ossuary_4,
          uniq_blork_the_orc

Skill      XL: |  1  2  3 |
---------------+----------+-----
Stealth        | 1 |  1.5
Fighting       | 3 |  3.1
Armour         | 1 |  1.3
Crossbows      | |  4.7
Dodging        | |  2.8

Action                   || total
-------------------------++-------
 Fire: Hand crossbow     ||    20
       Arbalest          ||    77
Armor: Chain mail        ||     8
       Ring mail         ||     5
Dodge: Dodged            ||    26

Table legend: (Time is in decaauts)
 A = Elapsed time spent in this place.
 B = Non-inter-level travel time spent in this place.
 C = Inter-level travel time spent in this place.
 D = Time resting spent in this place.
 E = Time spent auto-exploring this place.
 F = Levels seen in this place.
 G = Mean time per level.
                   A        B        C        D        E       F      G
               +--------+--------+--------+--------+--------+-----+--------+
         Total |   2416 |   2036 |    380 |      0 |   1710 |   4 |  604.0 |
       Dungeon |   2416 |   2036 |    380 |      0 |   1710 |   4 |  604.0 |
               +--------+--------+--------+--------+--------+-----+--------+

Top non-repeatable levels by time:
     D:2: 1160 daAuts
     D:3: 739 daAuts
     D:1: 495 daAuts
     D:4: 20 daAuts
